 Dungeon Crawl Stone Soup version 0.17-a0-1997-ga88ed7d (webtiles) character file.

4508 Ordine the Fighter (level 10, -1/84 HPs)
             Began as an Octopode Fighter on Oct 8, 2015.
             Was a Believer of Dithmenos.
             Slain by a troll (11 damage)
             ... on level 8 of the Dungeon.
             The game lasted 00:30:03 (11081 turns).

Ordine the Fighter (Octopode Fighter)              Turns: 11081, Time: 00:30:03

Health: -1/84      AC:  2    Str: 15    XL:     10   Next: 39%
Magic:  8/8        EV: 11    Int: 14    God:    Dithmenos [**....]
Gold:   472        SH:  9    Dex: 19    Spells: 0 memorised, 9 levels left

rFire  . . .     SeeInvis .     a - +2 long sword
rCold  + . .     Clarity  .     b - +0 shield
rNeg   + . .     SustAt   .     (helmet restricted)
rPois  .         Gourm    .     x - amulet "Cuwown" {Stasis rN+}
rElec  .         Spirit   .     o - ring of protection from cold
rCorr  .         Warding  .     (no ring)
rMut   .         Stasis   +     J - ring of stealth
MR     .....                    (no ring)
Stlth  ++++++....               (no ring)
                                (no ring)
                                (no ring)
                                (no ring)

@: agile, wreathed by umbra, not resistant to hostile enchantments, very
stealthy
A: almost no armour, amphibious, 8 rings, constrict 8, molten scales 1,
camouflage 1, berserk 1, clever 1, low mp 2, robust 1, teleportitis 1,
gelatinous body 1
a: Shadow Step, Renounce Religion


You were on level 8 of the Dungeon.
You worshipped Dithmenos.
Dithmenos was pleased with you.
You were not hungry.

You visited 2 branches of the dungeon, and saw 9 of its levels.
You also visited: Ossuary.

You collected 472 gold pieces.

Inventory:

Hand Weapons
 a - a +2 long sword (weapon)
Missiles
 g - 284 stones
 u - 3 tomahawks (quivered)
 v - 44 poisoned needles
Armour
 b - a +0 shield (worn)
Magical Staves
 I - an uncursed staff of conjuration
Jewellery
 o - a ring of protection from cold (left tentacle)
 x - the amulet "Cuwown" (around mantle) {Stasis rN+}
   (You found it on level 6 of the Dungeon)

   [amulet of stasis]

   It prevents you from being teleported, slowed, hasted or paralysed.
   It protects you from negative energy.
 H - an uncursed ring of teleportation
 J - a ring of stealth (on tentacle)
Wands
 e - a wand of heal wounds (5)
Scrolls
 c - 3 scrolls of amnesia
 j - 2 scrolls of fog
 k - 2 scrolls of teleportation
 B - a scroll of fear
Potions
 h - 5 potions of curing
 i - a potion of resistance
 l - a potion of ambrosia {unknown}
 m - a potion of berserk rage {unknown}
 p - 2 potions of poison {unknown}
 q - 5 potions of flight
 r - 2 potions of magic {unknown}
 A - a potion of cancellation {unknown}
 C - a potion of lignification {unknown}
Books
 w - a Grand Grimoire

   Spells                             Type                      Level
   a - Monstrous Menagerie            Summoning                    6
   b - Summon Greater Demon           Summoning                    7
   c - Malign Gateway                 Summoning/Translocation      7
   d - Summon Horrible Things         Summoning                    8
Comestibles
 d - 12 bread rations
 f - 5 fruits
 n - 4 meat rations
 t - 2 beef jerkies
 z - 2 chunks of flesh
 D - a slice of pizza


   Skills:
 + Level 10.8 Fighting
 + Level 10.7 Long Blades
 - Level 3.0 Dodging
 - Level 3.0 Shields


You had 9 spell levels left.
You didn't know any spells.

Dungeon Overview and Level Annotations

Branches:
Dungeon (8/15)             Temple (1/1) D:6
   Lair: D:8-11

Altars:
Ashenzari
Cheibriados
Dithmenos
Elyvilon
Fedhas
Kikubaaqudgha
Makhleb
Nemelex Xobeh
Okawaru
Qazlal
Ru
Sif Muna
Trog
Vehumet
Xom
Yredelemnul
Zin
The Shining One

Shops:
D:5 (   D:7 }


Innate Abilities, Weirdness & Mutations

You cannot wear most types of armour.
You are amphibious.
You can wear up to eight rings at the same time.
You can use your tentacles to constrict eight enemies at once.
Your skin changes colour to match your surroundings (Stealth).
Your rubbery body absorbs attacks (AC +1).
You are partially covered in molten scales (AC +1).
You tend to lose your temper in combat.
Your mind is acute. (Int +2)
Your magical capacity is very low (-20% MP).
You are robust (+10% HP).
You are occasionally teleported to nearby monsters.


Message History

You slash the orc priest!
You kill the orc priest!
Dithmenos accepts your kill.
You can now step into the shadows of nearby creatures.
You block the orc's attack.
Unknown command.
Something barely misses you. Something hits you but does no damage.
You open the door. You block its attack. The orc barely misses you.
Something hits you.
* * * LOW HITPOINT WARNING * * *
An orc opens the door.
Something hits you.
* * * LOW HITPOINT WARNING * * *
A magic dart appears from out of thin air!
The magic dart hits you!
* * * LOW HITPOINT WARNING * * *
There is a stone staircase leading up here.
You hear some strange, mumbled words.
A puff of frost appears from out of thin air!
You block the puff of frost. You block the troll's attack. The troll claws you!
You die...

# #....# # #. #....
....+ .#
#..##....#+##..# ..# +
#..#....##.##..##..# .
#..'....#.((...... .
#....)..T.....# .
##+##...)#..##..#.T .
#....(#[###'##..#
+#####
#..(..'.....oT@.#...
......
#.....#.....o...'.....
.....<
#.....####'###+##.....
##..##
####'##...............
#..##
#....#........... ...
#....
#....'........... ..
+....
#....#........... .
#....
###+###...........
##+##
#..........###+####+##
#


You could see a troll and 2 orcs.

Vanquished Creatures
  An ice statue (D:7)
  A yak (D:8)
  A spriggan (D:7)
  A hippogriff (D:8)
  Menkaure (D:4)
  A hungry ghost (D:8)
  Edmund (D:4)
  A water moccasin (D:6)
  An orc warrior (D:8)
  Duvessa (D:6)
  2 sky beasts
  The ghost of Vergil the Conjurer, an amateur DrCj (D:4)
  3 ogres
  4 giant frogs
  3 elf zombies (Ossuary)
  2 big kobolds (D:6)
  A water moccasin zombie (D:5)
  Dowan (D:6)
  4 scorpions
  2 giant frog zombies
  6 electric eels
  2 crimson imps
  A centaur zombie (Ossuary)
  A centaur skeleton (D:4)
  A giant frog skeleton (D:7)
  2 orc priests (D:8)
  3 human zombies (Ossuary)
  2 hounds (D:6)
  3 orc wizards (D:4)
  6 iguanas
  2 worker ants
  A killer bee zombie (D:7)
  A big kobold zombie (Ossuary)
  3 hound zombies (Ossuary)
  A hound skeleton (D:5)
  3 mummies (Ossuary)
  11 gnolls
  3 worker ant zombies
  9 adders
  2 oozes (D:2)
  4 adder zombies (Ossuary)
  3 adder skeletons
  8 worms
  6 giant geckos
  13 orcs
  3 ball pythons
  34 hobgoblins
  5 jackals
  10 kobolds
  4 quokkas
  3 bats
  4 giant cockroaches
  A giant gecko skeleton (D:4)
  A giant gecko zombie (D:5)
  4 giant newts
  A gnoll zombie (Ossuary)
  29 goblins
  5 goblin zombies (Ossuary)
  2 hobgoblin zombies (Ossuary)
  3 jackal zombies (Ossuary)
  5 kobold zombies (Ossuary)
  A quokka zombie (Ossuary)
  5 rats
  2 rat zombies (Ossuary)
252 creatures vanquished.

Vanquished Creatures (others)
  A hobgoblin (D:6)
  A jackal (D:7)
2 creatures vanquished.

Grand Total: 254 creatures vanquished

Notes
Turn   | Place    | Note
--------------------------------------------------------------
     0 | D:1      | Ordine the Octopode Fighter began the quest for the Orb.
     0 | D:1      | Reached XP level 1. HP: 16/16 MP: 1/1
   166 | D:1      | Reached XP level 2. HP: 19/21 MP: 2/2
   703 | D:2      | Reached XP level 3. HP: 14/27 MP: 3/3
  1161 | D:2      | Found a glowing silver altar of Zin.
  1166 | D:2      | Reached skill level 4 in Fighting
  1214 | D:2      | Reached XP level 4. HP: 7/33 MP: 4/4
  1914 | D:2      | Found a faded altar to an unknown god.
  1918 | D:2      | Reached XP level 5. HP: 38/38 MP: 5/5
  2082 | D:2      | Found a glowing golden altar of the Shining One.
  2101 | D:3      | Found a sacrificial altar of Ru.
  3149 | D:4      | Reached skill level 5 in Fighting
  3149 | D:4      | Reached XP level 6. HP: 43/45 MP: 6/6
  3334 | D:4      | Found a burning altar of Makhleb.
  3384 | D:4      | Noticed Edmund
  3394 | D:4      | Killed Edmund
  3394 | D:4      | Reached skill level 5 in Long Blades
  3420 | D:4      | Reached XP level 7. HP: 51/51 MP: 7/7
  3511 | D:4      | Noticed Menkaure
  3519 | D:4      | Reached skill level 6 in Fighting
  3522 | D:4      | Killed Menkaure
  3749 | D:4      | Noticed Vergil's ghost (amateur DrCj)
  3761 | D:4      | Killed Vergil's ghost
  4140 | D:5      | Entered Level 5 of the Dungeon
  4379 | D:5      | Reached skill level 7 in Fighting
  4379 | D:5      | Reached XP level 8. HP: 16/60 MP: 8/8
  4389 | D:5      | Gained mutation: Your magical capacity is low (-10% MP). [mutagenic meat]
  4390 | D:5      | Gained mutation: Your mind is acute. (Int +2) [mutagenic meat]
  4632 | D:5      | Found Gukoxt's Weapon Shoppe.
  5231 | D:6      | Got a slimy amethyst amulet
  5481 | D:6      | Identified the amulet "Cuwown" {Stasis rN+} (You found it on level 6 of the Dungeon)
  5564 | D:6      | Found a sand-covered staircase.
  5569 | Ossuary  | Entered an ossuary
  5620 | Ossuary  | Reached skill level 8 in Fighting
  6383 | Ossuary  | Reached XP level 9. HP: 25/67 MP: 8/8
  6714 | D:6      | Found a staircase to the Ecumenical Temple.
  6724 | Temple   | Entered the Ecumenical Temple
  6736 | Temple   | Became a worshipper of Dithmenos the Shadowed
  7025 | D:6      | Found a shimmering altar of Xom.
  7031 | D:6      | Found a bloodstained altar of Trog.
  7249 | D:6      | Noticed Duvessa
  7250 | D:6      | Noticed Dowan
  7282 | D:6      | Killed Duvessa
  7285 | D:6      | Killed Dowan
  7444 | D:6      | Reached skill level 9 in Fighting
  7983 | D:6      | Acquired Dithmenos's first power
  8491 | D:6      | Found a bloodstained altar of Trog.
  8526 | D:6      | Gained mutation: You tend to lose your temper in combat. [mutagenic meat]
  8528 | D:6      | Gained mutation: You are occasionally teleported to nearby monsters. [mutagenic meat]
  8529 | D:6      | Gained mutation: You are partially covered in molten scales (AC +1). [mutagenic meat]
  8530 | D:6      | Gained mutation: Your magical capacity is very low (-20% MP). [mutagenic meat]
  8531 | D:6      | Gained mutation: You are robust (+10% HP). [mutagenic meat]
  8643 | D:7      | Found a radiant altar of Vehumet.
  8693 | D:7      | Found Zuacienun's Gadget Emporium.
  8982 | D:7      | Noticed an ice statue
  9914 | D:7      | Reached skill level 10 in Fighting
 10431 | D:7      | Killed an ice statue
 10431 | D:7      | Reached skill level 10 in Long Blades
 10431 | D:7      | Reached XP level 10. HP: 51/84 MP: 8/8
 10455 | D:7      | Got a wavering ivory amulet
 10457 | D:7      | Got an iridescent short sword
 10465 | D:7      | Identified the +1 short sword "Trog's Hatred" {elec, *Rage +Rage +Fly} (You found it on level 7 of the Dungeon)
 10470 | D:7      | Identified the amulet of Vanity {Faith Dex+2} (You found it on level 7 of the Dungeon)
 10520 | D:8      | Found a shattered altar of Ashenzari.
 10932 | D:8      | Identified a +2 rod of ignition (14/14) (You found it on level 8 of the Dungeon)
 11081 | D:8      | Slain by a troll

Vault maps used:
D:1:      sevenhm_arrival_forest_fort_small_4
D:2:      nicolae_overflow_hidden_temple, old_standard_altar, ecumenical_altar_1
D:3:      nicolae_ru_sacrificial_ziggurat, first_bread, serial_corexii_hall,
          corexii_hall_statues_deadend, corexii_hall_statues_l
D:4:      overflow_temple_1_default, uniq_edmund, uniq_menkaure
D:5:      serial_shops, shop
D:6:      minmay_goblin_kobold_castle, amethyst_overflow_temple_binary,
          temple_hall, nicolae_ossuary_entry_plus, trog_book, uniq_duvessa
D:7:      statuecave_lemuel, fiery_altar_vehumet, serial_shops,
          nicolae_shop_temple_entry_statues_fountains, the_bakery
D:8:      overflow_temple_1_default, david_lair_generic,
          hangedman_feature_mirror
Temple:   triangle_lava_temple_11
Ossuary:  minmay_ossuary_two_tombs

Action                   |  1- 3 |  4- 6 |  7- 9 | 10-12 || total
-------------------------+-------+-------+-------+-------++-------
Melee: Long sword        |    72 |    75 |   413 |    55 ||   615
Throw: Stone             |     3 |     4 |       |       ||     7
       Tomahawk          |       |     6 |    25 |    16 ||    47
       Throwing net      |       |     1 |       |       ||     1
Evoke: Wand              |       |       |       |     1 ||     1
  Use: Scroll            |       |     8 |    10 |     1 ||    19
       Potion            |       |       |     5 |     1 ||     6
 Stab: Sleeping          |     5 |     6 |    13 |     5 ||    29
       Held in net/web   |       |     2 |       |       ||     2
       Distracted        |       |       |       |     1 ||     1
  Eat: Chunk             |     1 |     7 |    24 |     4 ||    36
       Bread ration      |       |       |     1 |       ||     1
       Fruit             |       |       |     1 |       ||     1
